 Dungeon Crawl Stone Soup version 0.27-a0-46-g34d46f0a3f (webtiles) character file.

Game seed: 9731177983154248268

886 Borgoz the Ruffian (level 8, -6/67 HPs)
             Began as a Ghoul Gladiator on Jan 6, 2021.
             Was an Initiate of Okawaru.
             Mangled by a troll (16 damage)
             ... on level 6 of the Dungeon.
             The game lasted 00:06:21 (4534 turns).

Borgoz the Ruffian (Ghoul Gladiator)                Turns: 4534, Time: 00:06:22

Health: -6/67      AC:  7    Str: 20    XL:     8   Next: 5%
Magic:  7/7        EV: 13    Int:  9    God:    Okawaru [......]
Gold:   195        SH:  5    Dex: 17    Spells: 7/7 levels left

rFire    + . .     SeeInvis .   v - +6 whip of Mayhem {drain, *Drain Dex+7}
rCold    + . .     Faith    .   (no shield)
rNeg     + + +     Spirit   .   s - +0 ring mail
rPois    ∞         Reflect  +   b - +1 helmet
rElec    .         Harm     .   (no cloak)
rCorr    .         Rampage  .   (no gloves)
Will     .....                  (no boots)
Stlth    +.........             i - amulet of reflection (curse)
HPRegen  0.00/turn              p - ring of protection from fire
MPRegen  0.10/turn              r - +6 ring of intelligence

@: no status effects
A: claws 1, cold resistance 1, negative energy resistance 3, inhibited
regeneration, torment resistance, unbreathing
a: Renounce Religion


You were on level 6 of the Dungeon.
You worshipped Okawaru.
Okawaru was noncommittal.
You visited 2 branches of the dungeon, and saw 7 of its levels.
You also visited: Sewer.

You collected 251 gold pieces.
You spent 56 gold pieces at shops.

Inventory:

Hand Weapons
 v - the +6 whip of Mayhem (weapon) {drain, *Drain Dex+7}
   (You found it on level 5 of the Dungeon)

   A truly terrible weapon, it drains the life of those it strikes.
   It affects your dexterity (+7).
   It causes draining when unequipped.
Armour
 b - a +1 helmet (worn)
 s - a +0 ring mail (worn)
Jewellery
 i - a cursed amulet of reflection (around neck)
 p - a ring of protection from fire (left claw)
 r - a +6 ring of intelligence (right claw)
Wands
 a - a wand of polymorph (2)
Scrolls
 e - 2 scrolls of amnesia
 f - a scroll of enchant weapon
 g - a scroll of fog {unknown}
 h - 2 scrolls of fear {unknown}
 j - 3 scrolls of teleportation
 m - a scroll of remove curse {unknown}
 u - a scroll of enchant armour
Potions
 c - a potion of brilliance
 d - 2 potions of flight
 k - 4 potions of might
 l - 2 potions of resistance
 n - 5 potions of curing
 o - a potion of lignification {unknown}
 q - 2 potions of heal wounds


   Skills:
 + Level 4.7 Fighting
 - Level 1.7 Throwing
 + Level 3.3 Armour
 + Level 4.4 Dodging
 * Level 7.0 Unarmed Combat


You had 7 spell levels left.
You didn't know any spells.
Your spell library was empty.

Dungeon Overview and Level Annotations

Branches:
Dungeon (5/15)             Temple (1/1) D:5           Sewer (visited)

Altars:
Ashenzari
Dithmenos
Elyvilon
Fedhas
Hepliaklqana
Kikubaaqudgha
Nemelex Xobeh
Okawaru
Qazlal
Ru
Trog
Uskayaw
Yredelemnul
Zin
The Shining One

Shops:
D:5 ?

Annotations:
D:4 2 transporters, Dirian's ghost, amateur MiFi


Innate Abilities, Weirdness & Mutations

You thrive by killing the living.
You are immune to poison.
You have sharp fingernails.
Your flesh is cold resistant. (rC+)
You are immune to negative energy. (rN+++)
You do not regenerate when monsters are visible.
You are immune to unholy pain and torment.
You can survive without breathing.


Message History

You are too injured to fight recklessly!
Unknown command.
You are too injured to fight recklessly!
You are too injured to fight recklessly!
You are too injured to fight recklessly!
You are too injured to fight recklessly!
You are too injured to fight recklessly!
You hit the troll.
The troll is lightly wounded.
The troll closely misses you. The troll claws you.
* * * LOW HITPOINT WARNING * * *
The troll claws you!
* * * LOW HITPOINT WARNING * * *
The white imp gestures at you. The puff of frost hits you. You resist.
* * * LOW HITPOINT WARNING * * *
You barely miss the troll.
The troll is lightly wounded.
The troll bites you!
You die...

#.....≈≈P≈P≈PP##
#....PP≈PP≈≈≈≈≈#
#....P≈P♣♣♣♣≈≈P#
#.....≈♣ ♣♣≈P# # #
#...#.≈♣♣♣♣♣♣P.#
..♣.#♣.....≈≈♣P♣♣≈≈P#
.≈≈≈≈≈P..#.≈≈≈≈≈...##
≈≈≈≈.≈≈♣.#(.≈P≈.####
≈≈≈≈Z)5@.##.P..##
≈≈≈≈≈.T♣###...##
≈≈≈≈≈≈P ##### .≈.≈♣P.
P.. ..# .. ... # ####


You could see a troll, a white imp and a quokka skeleton.

Vanquished Creatures
  Grinder (D:5)
  Sigmund (D:2)
  A big kobold (Sewer)
  2 scorpions (D:4)
  An electric eel (D:6)
  A hound (D:4)
  An orc wizard (D:3)
  2 worker ants
  7 adders
  3 river rats (Sewer)
  An ufetubus (D:5)
  2 oozes
  An adder skeleton (D:4)
  3 worms
  2 leopard geckos (D:1)
  2 orcs
  10 ball pythons
  5 giant cockroaches
  3 goblins
  9 hobgoblins
  5 jackals
  24 kobolds
  4 quokkas
  13 bats
  8 frilled lizards
  A jackal skeleton (D:5)
  A leopard gecko zombie (D:5)
  25 rats
139 creatures vanquished.

Vanquished Creatures (others)
  An orc (D:6)
  4 plants (D:6)
5 creatures vanquished.

Grand Total: 144 creatures vanquished

Notes
Turn   | Place    | Note
-------+----------+-------------------------------------------
     0 | D:1      | Borgoz the Ghoul Gladiator began the quest for the Orb.
     0 | D:1      | Reached XP level 1. HP: 17/17 MP: 0/0
   254 | D:1      | Reached XP level 2. HP: 25/25 MP: 1/1
   408 | D:1      | Reached XP level 3. HP: 30/30 MP: 2/2
   569 | D:1      | Reached skill level 4 in Unarmed Combat
   918 | D:2      | Reached skill level 1 in Armour
  1128 | D:2      | Noticed Sigmund
  1155 | D:2      | Killed Sigmund
  1156 | D:2      | Reached skill level 5 in Unarmed Combat
  1156 | D:2      | Reached XP level 4. HP: 17/38 MP: 3/3
  1156 | D:2      | Reached XP level 5. HP: 20/45 MP: 4/4
  1430 | D:2      | You fall into a shaft and drop 1 floor!
  1763 | D:2      | Reached XP level 6. HP: 45/51 MP: 5/5
  2130 | D:3      | Found a glowing drain.
  2156 | Sewer    | Entered a sewer
  3091 | D:3      | Found a sacrificial altar of Ru.
  3100 | D:3      | Reached XP level 7. HP: 54/59 MP: 6/6
  3486 | D:4      | Reached skill level 6 in Unarmed Combat
  3542 | D:4      | Found a transporter.
  3555 | D:4      | Found a shadowy altar of Dithmenos.
  3827 | D:4      | Noticed Dirian's ghost (amateur MiFi)
  3839 | D:4      | Found a transporter.
  4107 | D:5      | Entered Level 5 of the Dungeon
  4115 | D:5      | Found Juxehoa's Magic Scroll Shoppe.
  4125 | D:5      | Bought 2 scrolls of identify for 56 gold pieces
  4127 | D:5      | Got a smoking whip
  4128 | D:5      | Identified the +6 whip of Mayhem {drain, *Drain Dex+7} (You
                  | found it on level 5 of the Dungeon)
  4191 | D:5      | Found a staircase to the Ecumenical Temple.
  4200 | Temple   | Entered the Ecumenical Temple
  4246 | Temple   | Became a worshipper of Warmaster Okawaru
  4265 | D:5      | Noticed Grinder
  4280 | D:5      | Paralysed by Grinder for 2 turns
  4294 | D:5      | Paralysed by Grinder for 4 turns
  4300 | D:5      | Killed Grinder
  4453 | D:5      | Reached XP level 8. HP: 61/67 MP: 7/7
  4494 | D:5      | You fall into a shaft and drop 1 floor!
  4527 | D:6      | Noticed a troll
  4533 | D:6      | Reached skill level 7 in Unarmed Combat
  4534 | D:6      | Mangled by a troll

Illustrated notes

Levels and vault maps discovered:
D:1:      co_arrival_square_in_a_square_in_a_square, layout_basic, minivault_4
D:2:      layout_loops_ring, minmay_tetromino_t2, uniq_sigmund
D:3:      layout_basic, nicolae_ru_great_annihilating_truth,
          portal_sewer_entry_d
D:4:      layout_basic, nicolae_overflow_crystal_walls,
          gammafunk_ghost_stat_death
D:5:      layout_loops_ring, lemuel_blue_sif_altar,
          minmay_temple_entry_overgrown, serial_shops, nicolae_shop_stone, shop,
          shop, uniq_grinder
D:6:      layout_rooms, basic_altar, serial_bayou, serial_bayou_pond_d,
          serial_bayou_pond_b, serial_bayou_pond_c, serial_bayou_pond_a,
          serial_bayou_lagoon_b, uniq_eustachio
Temple:   cyrus_circular_temple

Skill      XL: |  1  2  3  4  5  6  7  8 |
---------------+-------------------------+-----
Unarmed Combat | 5 6 7 |  7.0
Dodging        | 3 4 |  4.4
Armour         | 1 2 3 |  3.3
Fighting       | 3 4 |  4.7
Throwing       | |  1.7

Action                   |  1- 3 |  4- 6 |  7- 9 || total
-------------------------+-------+-------+-------++-------
Melee: Unarmed           |   125 |   243 |    68 ||   436
       Punch             |     1 |     3 |     6 ||    10
       Whip              |       |       |    42 ||    42
Throw: Throwing net      |     3 |       |       ||     3
  Use: Scroll            |     4 |     5 |     4 ||    13
       Potion            |     3 |     2 |       ||     5
 Stab: Held in net/web   |     1 |       |       ||     1
       Paralysed         |       |       |     2 ||     2
Armor: Leather armour    |    32 |    86 |       ||   118
       Ring mail         |       |       |    14 ||    14
Dodge: Dodged            |    80 |   187 |    34 ||   301
Block: Other             |       |    28 |    19 ||    47

Table legend: (Time is in decaauts)
 A = Elapsed time spent in this place.
 B = Non-inter-level travel time spent in this place.
 C = Inter-level travel time spent in this place.
 D = Time resting spent in this place.
 E = Time spent auto-exploring this place.
 F = Levels seen in this place.
 G = Mean time per level.
                   A        B        C        D        E       F      G
               +--------+--------+--------+--------+--------+-----+--------+
         Total |   4522 |   4368 |    154 |    567 |   2871 |   8 |  565.2 |
       Dungeon |   3696 |   3550 |    146 |    438 |   2432 |   6 |  616.0 |
        Temple |     54 |     46 |      8 |      0 |     43 |   1 |   54.0 |
         Sewer |    771 |    771 |      0 |    129 |    396 |   1 |  771.0 |
               +--------+--------+--------+--------+--------+-----+--------+

Top non-repeatable levels by time:
     D:2: 1072 daAuts
     D:1: 807 daAuts
     D:3: 800 daAuts
   Sewer: 771 daAuts
     D:4: 632 daAuts
     D:5: 333 daAuts
  Temple: 54 daAuts
     D:6: 49 daAuts
